 Dungeon Crawl Stone Soup version 0.31-a0-236-g9a0961fb85 (webtiles) character file.

Game seed: 8697521955529536888

226 qw the Shooter (level 6, -2/37 HPs)
             Began as a Gargoyle Hexslinger on July 9, 2023.
             Slain by Blork the orc
             ... wielding a +0 halberd
              (9 damage)
             ... on level 4 of the Dungeon.
             The game lasted 00:01:20 (3063 turns).

qw the Shooter (Gargoyle Hexslinger)                Turns: 3063, Time: 00:01:21

Health: -2/37      AC:  7    Str: 12    XL:     6   Next: 1%
Magic:  7/7        EV: 12    Int: 13    God:
Gold:   192        SH:  0    Dex: 20    Spells: 6/7 levels left

rFire   . . .        Y - +1 sling
rCold   . . .        (no shield)
rNeg    + . .        e - +0 leather armour
rPois   inf          (no helmet)
rElec   +            (no cloak)
rCorr   .            (no gloves)
SInv    .            (no boots)
Will    .....        (no amulet)
Stlth   +            f - +6 ring of dexterity
HPRegen 0.26/turn    (no ring)
MPRegen 0.10/turn

%: no passive effects
@: no status effects
A: sickness immunity, AC +4, negative energy resistance 1, electricity
resistance, torment resistance 1, petrification resistance
a: no special abilities


You were on level 4 of the Dungeon.
You visited 1 branch of the dungeon, and saw 4 of its levels.

You collected 192 gold pieces.


Innate Abilities, Weirdness & Mutations

You are immune to sickness and miasma.
Your stone body is resilient. (AC +4)
You are immune to poison.
You resist negative energy. (rN+)
You are resistant to electric shocks. (rElec)
You are resistant to unholy torment.
You are immune to petrification.


   Skills:
 - Level 3.0 Fighting
 + Level 5.4 Ranged Weapons
 - Level 1.5 Dodging
 - Level 1.0 Spellcasting
 - Level 2.6 Hexes


You had 6 spell levels left.
You knew the following spells:

 Your Spells              Type           Power      Damage    Failure   Level
a - Slow                  Hex            28%        N/A       12%         1

Your spell library contained the following spells:

 Spells                   Type           Power      Damage    Failure   Level
 Inner Flame              Hex/Fire       4%         N/A       52%         3
 Portal Projectile        Hex/Tloc       8%         N/A       52%         3
 Cause Fear               Hex            3%         N/A       75%         4

Inventory:

Hand Weapons
 Y - a +1 sling (weapon)
Armour
 c - a +0 ring mail
 e - a +0 leather armour (worn)
Jewellery
 f - a +6 ring of dexterity (left hand)
Scrolls
 a - a scroll of teleportation
 b - a scroll of identify
Potions
 d - a potion of enlightenment
 g - a potion of cancellation

Dungeon Overview and Level Annotations

Branches:
Dungeon (4/15)
 Temple: D:4-7

Altars:
Elyvilon
Kikubaaqudgha

Annotations:
D:3 1 runed translucent door, Crazy Yiuf
D:4 Blork the orc


Message History

The adder barely misses you.
You shoot a sling bullet. The sling bullet hits the gnoll!
You kill the gnoll!
The gnoll throws a throwing net.
The throwing net completely misses you. The adder bites you.
The gnoll barely misses you. The gnoll closely misses you.
The adder bites you but does no damage.
Blork the orc gestures at you while chanting.
The magic dart hits you.
You have reached level 6!
You shoot a sling bullet.
The sling bullet closely misses the gnoll.
The adder bites you but does no damage. The gnoll hits you with a +0 whip.
You shoot a sling bullet. The sling bullet hits the gnoll.
The gnoll is lightly wounded.
The adder barely misses you. The gnoll closely misses you.
Blork the orc looks encouraged for a moment.
The goblin hits you but does no damage. The adder bites you but does no damage.
You shoot a sling bullet. The sling bullet hits the gnoll.
The gnoll is moderately wounded.
The adder closely misses you. The gnoll hits you with a +0 whip.
Blork the orc frowns.
Blork the orc closely misses you. The goblin hits you but does no damage.
You shoot a sling bullet.
The sling bullet closely misses the gnoll.
The adder bites you but does no damage. The gnoll closely misses you.
Blork the orc barely misses you. The goblin hits you with a +0 club.
The adder barely misses you.
You shoot a sling bullet. The sling bullet hits the gnoll.
The gnoll is moderately wounded.
Blork the orc closely misses you. The goblin barely misses you.
The gnoll hits you with a +0 whip. The adder bites you but does no damage.
You shoot a sling bullet.
The sling bullet barely misses the gnoll.
The adder closely misses you. The gnoll hits you but does no damage.
Blork the orc hits you from afar with a +0 halberd.
The goblin barely misses you. The gnoll hits you but does no damage.
The adder bites you but does no damage. The gnoll barely misses you.
The gnoll hits you with a +0 whip. The goblin hits you but does no damage.
Blork the orc hits you from afar with a +0 halberd!
You die...

###...# #..#.
.......###....#
...^...........
...............
...............
.......$.......
.......
....).Sg.......
.....(# #...og@...#
......# #....g.(..#
......# +......)..#
......# #.........#
......# #.........#
......# #.........#
......#####.........##
..#......#######.....#
..#......'.....#.....#


You could see Blork the orc, 2 gnolls, an adder and a goblin.

Vanquished Creatures
  Jessica (D:2)
  2 gnolls
  9 adders
  4 dart slugs
  2 orcs (D:3)
  8 endoplasms
  3 giant cockroaches
  6 hobgoblins
  4 quokkas
  13 ball pythons
  10 bats
  12 frilled lizards
  10 goblins
  7 kobolds
  4 rats
95 creatures vanquished.

Notes
Turn   | Place    | Note
-------+----------+-------------------------------------------
     0 | D:1      | qw the Gargoyle Hexslinger began the quest for the Orb.
     0 | D:1      | Reached XP level 1. HP: 12/12 MP: 2/2
     0 | D:1      | 0 ||| qw: Version: 0.3-a-51-g015441d
     0 | D:1      | 0 ||| qw: Game counter: 4398
     0 | D:1      | 0 ||| qw: Melee chars always use a shield: true
     0 | D:1      | 0 ||| qw: God list: Okawaru
     0 | D:1      | 0 ||| qw: Allow faded altars: false
     0 | D:1      | 0 ||| qw: Do Orc after clearing Dungeon:15 true
     0 | D:1      | 0 ||| qw: Do second Lair branch before Depths: true
     0 | D:1      | 0 ||| qw: Lair rune preference: random
     0 | D:1      | 0 ||| qw: Goals: Normal
     0 | D:1      | 0 ||| PLANNING D:1-11
   146 | D:1      | Reached XP level 2. HP: 16/16 MP: 3/3
   387 | D:1      | Reached skill level 3 in Ranged Weapons
   484 | D:1      | Reached XP level 3. HP: 22/22 MP: 4/4
   879 | D:1      | 879 ||| READING scroll labelled XED KUWUEHU.
   880 | D:1      | 880 ||| READING scroll labelled RAWING SISTREXT.
   881 | D:1      | 881 ||| READING scroll labelled FASTUI MAENA.
   882 | D:1      | 882 ||| DROPPING scroll of poison.
   985 | D:2      | Reached XP level 4. HP: 27/27 MP: 5/5
  1068 | D:2      | Reached skill level 4 in Ranged Weapons
  1100 | D:2      | Noticed Jessica
  1103 | D:2      | Killed Jessica
  1206 | D:2      | Reached XP level 5. HP: 31/31 MP: 6/6
  1694 | D:2      | Reached skill level 5 in Ranged Weapons
  1833 | D:2      | 1833 ||| UPGRADING to +6 ring of dexterity.
  1834 | D:2      | 1834 ||| READING 2 scrolls labelled IZXILAMASO.
  1837 | D:2      | 1837 ||| READING scroll labelled VEUMENYH BIUPH.
  1838 | D:2      | 1838 ||| READING scroll labelled WAVVEC PUM HOI.
  1890 | D:3      | Found an ancient bone altar of Kikubaaqudgha.
  2035 | D:3      | Reached skill level 3 in Fighting
  2205 | D:3      | Found a white marble altar of Elyvilon.
  2492 | D:3      | Identified the +9 spear of Incongruity {flame, +Blink
                  | rPois}
  2503 | D:3      | Found a runed translucent door.
  2504 | D:3      | Noticed Crazy Yiuf
  2902 | D:3      | 2902 ||| UPGRADING to +0 leather armour.
  2912 | D:3      | 2912 ||| DROPPING +0 robe.
  2913 | D:3      | 2913 ||| READING 3 scrolls of identify.
  2913 | D:3      | 2913 ||| IDENTIFYING dark potion
  2914 | D:3      | 2914 ||| READING 2 scrolls of identify.
  2914 | D:3      | 2914 ||| IDENTIFYING viscous dark potion
  3053 | D:4      | Noticed Blork the orc
  3058 | D:4      | Reached XP level 6. HP: 25/37 MP: 7/7
  3063 | D:4      | HP: 7/37 [gnoll/+0 whip (3)]
  3063 | D:4      | Slain by Blork the orc

Levels and vault maps discovered:
D:1:      dpeg_arrival_round_a, layout_basic, minmay_lizard_king
D:2:      layout_basic, minmay_snake_closets, uniq_jessica
D:3:      minmay_diamond_boxcup, layout_loops_ring, elyvilon_altar_5,
          kiku_gazebo_pond_becter, nicolae_underground_beach,
          uniq_crazy_yiuf_cottage
D:4:      layout_gridville, gammafunk_ghost_split, fountainhead,
          uniq_blork_the_orc

Skill      XL: |  1  2  3  4  5 |
---------------+----------------+-----
Ranged Weapons | 3 4 5 |  5.4
Fighting       | 2 3 |  3.0
Dodging        | |  1.5
Spellcasting   | |  1.0
Hexes          | |  2.6

Action                     |  1- 3 |  4- 6 || total
---------------------------+-------+-------++-------
   Fire: Sling             |   122 |   232 ||   354
    Use: Scroll            |     3 |     5 ||     8
 Armour: Robe              |    23 |    44 ||    67
         Leather armour    |       |    14 ||    14
  Dodge: Dodged            |    40 |   132 ||   172

Table legend:
 A = Non-vault XP
 B = Vault XP
 C = Vault XP percentage of total XP
 D = Non-vault monster count
 E = Vault monster count
 F = Vault count percentage of total count
                 A         B        C        D         E       F
            +---------+---------+-------+---------+---------+-------
      Total |     163 |     161 |  49.7 |      64 |      31 |  32.6
            +---------+---------+-------+---------+---------+-------
        D:1 |      48 |       8 |  14.3 |      21 |       8 |  27.6
        D:2 |      39 |     124 |  76.1 |      22 |      14 |  38.9
        D:3 |      55 |      29 |  34.5 |      15 |       9 |  37.5
        D:4 |      21 |       0 |   0.0 |       6 |       0 |   0.0
            +---------+---------+-------+---------+---------+-------
